 Dungeon Crawl Stone Soup version 0.29-a0-284-gf9362112df (webtiles) character file.

Game seed: 12481663416999341360

65 avis the Ruffian (level 4, 0/40 HPs)
             Began as a Hill Orc Monk on Mar 20, 2022.
             Slain by a goblin
             ... wielding a +0 dagger
             ... led by Robin
              (6 damage)
             ... on level 3 of the Dungeon.
             The game lasted 00:09:02 (2188 turns).

avis the Ruffian (Hill Orc Monk)                    Turns: 2188, Time: 00:09:03

Health: 0/40       AC:  2    Str: 15    XL:     4   Next: 13%
Magic:  4/4        EV: 12    Int: 10    God:
Gold:   98         SH:  0    Dex: 13    Spells: 3/3 levels left

rFire   . . .      SeeInvis .     - Unarmed
rCold   . . .      Faith    .   (no shield)
rNeg    . . .      Spirit   .   a - +0 robe
rPois   .          Reflect  .   (no helmet)
rElec   .          Harm     .   (no cloak)
rCorr   +          Rampage  .   (no gloves)
Will    .....                   (no boots)
Stlth   ++........              p - amulet of regeneration
HPRegen 0.93/turn               g - ring of resist corrosion
MPRegen 0.09/turn               j - ring of wizardry

@: no status effects
A: no striking features
a: no special abilities


You were on level 3 of the Dungeon.
You visited 1 branch of the dungeon, and saw 3 of its levels.

You collected 98 gold pieces.

Inventory:

Hand Weapons
 b - a +0 hand crossbow
Missiles
 d - 53 stones (quivered)
 t - 12 poisoned darts
Armour
 a - a +0 robe (worn)
 u - a +0 leather armour
Jewellery
 g - a ring of resist corrosion (left hand)
 j - a ring of wizardry (right hand)
 p - an amulet of regeneration (around neck)
 r - a +6 ring of intelligence
 x - an amulet of reflection
Scrolls
 c - a scroll of teleportation {unknown}
 e - 2 scrolls of vulnerability {unknown}
 f - a scroll of noise {unknown}
 l - a scroll of identify {unknown}
 m - a scroll of blinking {unknown}
 n - a scroll of fear {unknown}
 w - a scroll of magic mapping {unknown}
Potions
 h - a potion of brilliance {unknown}
 i - a potion of flight {unknown}
 k - a potion of mutation {unknown}
 o - a potion of ambrosia
 q - a potion of cancellation {unknown}
 s - a potion of degeneration {unknown}
 v - 2 potions of curing {unknown}


   Skills:
 * Level 4.2 Fighting
 - Level 2.4 Dodging
 - Level 1.5 Stealth
 - Level 5.0 Unarmed Combat


You had 3 spell levels left.
You didn't know any spells.
Your spell library was empty.

Dungeon Overview and Level Annotations

Branches:
Dungeon (3/15)

Altars:
Makhleb

Shops:
D:2 *


Message History

You kill the goblin!
You hit Robin.
Robin is lightly wounded.
Robin roars a battlecry!
You hit Robin. You punch Robin, but do no damage.
Robin is moderately wounded.
Robin throws the goblin at you!
You hit Robin but do no damage. You punch Robin.
Robin is severely wounded.
The goblin closely misses you. Robin hits you with a +0 dagger.
You closely miss Robin.
Robin is severely wounded.
Robin roars a battlecry!
The goblin barely misses you.
You hear a shout!
You closely miss Robin.
Robin is severely wounded.
You closely miss Robin.
Robin is severely wounded.
The goblin hits you with a +0 dagger.
Robin zaps a wand.
The puff of flame hits you!
You hit Robin.
Robin is severely wounded.
The goblin hits you with a +0 dagger.
* * * LOW HITPOINT WARNING * * *
You hit Robin.
Robin is almost dead.
The goblin hits you with a +0 dagger.
* * * LOW HITPOINT WARNING * * *
Robin barely misses you. The hobgoblin closely misses you.
You barely miss Robin.
Robin is almost dead.
The goblin hits you but does no damage. The hobgoblin hits you.
* * * LOW HITPOINT WARNING * * *
Robin's horned helmet rattles.
Robin barely misses you.
You hit Robin.
You kill Robin!
The goblin hits you with a +0 dagger.
You die...

#.≈≈.≈≈).#
#.#
..≈≈_≈≈..#
#.#
.≈≈≈≈≈.
#.# #.###
#...#
###.#
######.#
#)g.##g#
#)###.#@#
g.# ##gg#
#g# ##.#
#. #.# g
#.. g ..##
gg #.# #.#
#.#


You could see a hobgoblin (strong) and 2 goblins.

Vanquished Creatures
  Robin (D:3)
  2 adders (D:2)
  A worm (D:2)
  A dart slug (D:2)
  4 bats
  2 endoplasms
  A giant cockroach (D:1)
  10 goblins
  5 hobgoblins
  A quokka (D:1)
  3 ball pythons (D:1)
  2 frilled lizards (D:1)
  A kobold (D:2)
  7 rats
41 creatures vanquished.

Notes
Turn   | Place    | Note
-------+----------+-------------------------------------------
     0 | D:1      | avis the Hill Orc Monk began the quest for the Orb.
     0 | D:1      | Reached XP level 1. HP: 19/19 MP: 1/1
   108 | D:1      | Found a faded altar of an unknown god.
   248 | D:1      | Reached XP level 2. HP: 23/27 MP: 2/2
   567 | D:1      | Reached skill level 4 in Unarmed Combat
  1329 | D:2      | Reached XP level 3. HP: 33/33 MP: 3/3
  1774 | D:2      | Found Wexi's Assorted Antiques.
  2104 | D:3      | Found a burning altar of Makhleb.
  2154 | D:3      | Reached skill level 5 in Unarmed Combat
  2154 | D:3      | Noticed Robin
  2160 | D:3      | Reached XP level 4. HP: 17/40 MP: 4/4
  2188 | D:3      | Killed Robin
  2188 | D:3      | Slain by a goblin

Illustrated notes

Levels and vault maps discovered:
D:1:      onia_arrival_pyramid, layout_loops_ring,
          hellmonk_ecumenical_altar_run_dry, kennysheep_nondescript,
          minmay_split_cup_large
D:2:      layout_basic, serial_shops, shop
D:3:      layout_loops_cross, mainiacjoe_overflow_chevrons,
          mainiacjoe_overflow_catwalk, nemelex_xobeh_ov_fountains_minmay,
          uniq_robin

Skill      XL: |  1  2  3 |
---------------+----------+-----
Fighting       | 4 |  4.2
Unarmed Combat | 4 5 |  5.0
Dodging        | |  2.4
Stealth        | |  1.5

Action                   |  1- 3 |  4- 6 || total
-------------------------+-------+-------++-------
Melee: Unarmed           |    63 |    21 ||    84
       Punch             |       |     3 ||     3
 Fire: Hand crossbow     |    60 |       ||    60
 Stab: Sleeping          |     3 |       ||     3
Armor: Robe              |    15 |     1 ||    16
Dodge: Dodged            |    39 |    10 ||    49

Table legend: (Time is in decaauts)
 A = Elapsed time spent in this place.
 B = Non-inter-level travel time spent in this place.
 C = Inter-level travel time spent in this place.
 D = Time resting spent in this place.
 E = Time spent auto-exploring this place.
 F = Levels seen in this place.
 G = Mean time per level.
                   A        B        C        D        E       F      G
               +--------+--------+--------+--------+--------+-----+--------+
         Total |   2205 |   1992 |    213 |    265 |   1287 |   3 |  735.0 |
       Dungeon |   2205 |   1992 |    213 |    265 |   1287 |   3 |  735.0 |
               +--------+--------+--------+--------+--------+-----+--------+

Top non-repeatable levels by time:
     D:2: 1166 daAuts
     D:1: 939 daAuts
     D:3: 100 daAuts
